Unix NetHack Version 5.0.0-0 post-release - last build Jun 10 2026 00:39:30 (3ee93aec679c4c4259841fe613dc97188e26a321,branch:main).

Game began 2026-06-13 07:18:24, ended 2026-06-13 08:10:58.

Doran, lawful male human Samurai

                                     ---
                                   ---.---
                ---               --.....|
               --.--- -----     ---......|
               |....---<..-------....0...|         ----        ----     ----
             ---..............%.........-|----     |..--       |..----- |..|
             |..............---..........--..--    |...---- ----....|.---..|
             |....-----.--.-- |...............|    |..|...|--..........|.---
         -----...--   ------  --...........|..|    -----..|-..-----......|
         |..)@G.-|             |...........------      --.|..--   --.|..--
         |.---f..-            --......----......--------|..)^|     ------
     - ---.| |.......         |.......|  ----.........)--....|
     |..|..----.........-     |-.....-----  |........|.......------
     |.....>.|--=........|    |.......|..----........|-----....|..--
     |.......|  ........-- -----...................---    |........|----   ----
     --....---  ........- --.---..........----....--      |........--..|  --..|
      ------    ---...... |...|...........|  --..--     ---..--........----...|
                    ....- |........----...|   |..|      |...0||-.............--
                    ....| ---.|.|..|  |..--   ----      |...--|.............--
                     .---   ----|..|  ----              --.-- --.--.--.--.---
                     --         ----                     ---   ------------
Doran the Ninja        St:16 Dx:17 Co:17 In:10 Wi:9 Ch:7  Lawful S:4522
Dlvl:9  $:48 HP:0(63) Pw:33(33) AC:-5 Xp:7 T:4189  Satiated

Latest messages:
 You see here a wolf corpse.
 There is a wolf corpse here; eat it? [ynq] (n) y
 This wolf corpse is gamey.
 You finish eating the wolf corpse.
 With great effort you move the boulder.
 N - a candle.
 You swap places with the peaceful dwarf.
 You hear an E flat squeak in the distance.
 You see here a stethoscope.
 S - a stethoscope.
 You miss the displacer beast.
 The displacer beast hits!
 The displacer beast misses!
 The displacer beast misses!
 What do you want to wield? [- a-doDFOR or ?*] a
 You are already wielding that!
 The displacer beast swaps places with you...
 The displacer beast hits!
 The displacer beast hits again!
 The displacer beast bites!
 The displacer beast swaps places with you...
 The displacer beast hits!
 The displacer beast hits again!
 The displacer beast bites!
 The displacer beast swaps places with you...
 The dwarf throws a dagger!
 The dagger hits the dwarf.
 You swap places with the peaceful dwarf.
 You see here a dagger.
 The dwarf misses!
 You hit the dwarf!
 You hit the dwarf!
 You hit the dwarf.
 You kill the dwarf!
 T - a ruby potion.
 The gnome misses!
 The gnome misses!
 The displacer beast swaps places with you...
 The displacer beast hits!
 The displacer beast misses!
 The displacer beast misses!
 What do you want to zap? [gr or ?*] ?
 In what direction? n
 The sleep ray misses the displacer beast.
 The displacer beast hits!
 The displacer beast hits again!
 The displacer beast bites!
 You die...
 Do you want your possessions identified? [ynq] (y) y
 Do you want to see your attributes? [ynq] (y) q

Inventory:
 Coins    ('$')
  $ - 48 gold pieces
 Weapons  (')')
  D - 14 blessed +0 arrows
  O - 5 rustproof +0 arrows
  R - 12 +0 arrows
  d - 31 +0 ya (in quiver)
  c - a +0 yumi
  o - a +0 orcish dagger
  a - a +0 katana (weapon in right hand)
  b - a +0 wakizashi (alternate weapon; not wielded)
 Armor    ('[')
  p - an uncursed +0 orcish helm (being worn)
  l - an uncursed +0 cloak of protection (being worn)
  X - an uncursed +0 mummy wrapping
  e - a blessed greased rotproof +2 gray dragon scale mail (being worn)
 Comestibles  ('%')
  z - an uncursed clove of garlic
  k - 3 uncursed gunyoki
  h - 3 uncursed pears
 Potions  ('!')
  T - an uncursed potion of healing
 Wands    ('/')
  r - a wand of sleep (0:4)
  g - a wand of striking (0:3)
 Tools    ('(')
  Z - a blessed bag of holding containing 26 items
  K - an empty uncursed sack
  f - an uncursed blindfold
  t - an uncursed blindfold
  P - an uncursed brass lantern
  A - a magic marker (0:85)
  B - an uncursed magic whistle
  E - a blessed oil lamp (lit)
  U - an uncursed skeleton key
  S - an uncursed stethoscope
  N - an uncursed tallow candle
  Q - an uncursed towel
  F - a +0 unicorn horn
 Gems/Stones  ('*')
  M - an uncursed worthless piece of yellow glass

Contents of the bag of holding:
  a blessed scroll of blank paper
  an uncursed scroll of enchant armor
  an uncursed scroll of light
  an uncursed scroll of magic mapping
  an uncursed scroll of remove curse
  an uncursed spellbook of charm monster
  an uncursed spellbook of light
  2 uncursed potions of healing
  an uncursed potion of invisibility
  a cursed potion of levitation
  an uncursed potion of paralysis
  an uncursed potion of speed
  a potion of holy water
  an uncursed potion of water
  an uncursed amethyst stone
  2 uncursed aquamarine stones
  an uncursed jacinth stone
  an uncursed opal
  an uncursed topaz stone
  an uncursed worthless piece of black glass
  an uncursed worthless piece of green glass
  an uncursed worthless piece of orange glass
  an uncursed worthless piece of red glass
  6 uncursed worthless pieces of violet glass
  3 uncursed worthless pieces of yellow glass
  2 uncursed worthless pieces of yellowish brown glass

Doran the Samurai's attributes:

Background:
 You were a Ninja, a level 7 male human Samurai.
 You were lawful, on a mission for Amaterasu Omikami
 who was opposed by Raijin (neutral) and Susanowo (chaotic).
 You were right-handed.
 You were in the Gnomish Mines, on level 9.
 You entered the dungeon 4189 turns ago.
 You had 1016 experience points, 264 more were needed to attain level 8.
 Your score was 4522 before end-of-game adjustments.

Basics:
 You had 0 out of 63 hit points.
 You had all 33 energy points (spell power).
 Your armor class was -5.
 Your wallet contained 48 zorkmids.
 Autopickup was on for '$"?/=+!*' plus thrown, with exceptions.

Final Characteristics:
 Your strength was 16 (limit:18/100).
 Your dexterity was 17 (limit:18).
 Your constitution was 17 (limit:18).
 Your intelligence was 10 (limit:18).
 Your wisdom was 9 (limit:18).
 Your charisma was 7 (limit:18).

Final Status:
 You were satiated.
 You were unencumbered.
 You were wielding a long sword.
 You were skilled in long sword.

Final Attributes:
 You were piously aligned.
 You were magic-protected.
 You were telepathic.
 You were protected.
 You were fast.
 You are dead.

Miscellaneous:
 You didn't encounter any bones levels.
 Total elapsed playing time was 52 minutes and 33 seconds.

Major events:
 Turn
    1: Doran the lawful male human Samurai entered the dungeon
  879: attained the rank of Ronin (level 3)
 1289: entered the Gnomish Mines
 1373: reached Mine Town
 2270: attained the rank of Ninja (level 6)
 2634: made his first wish - "blessed greased rustproof +2 gray dragon scale mail", got "a greased gray dragon scale mail"
 4189: killed by a displacer beast

You didn't know any spells.

Skills:
 Fighting Skills
   martial arts      [Basic]
   two weapon combat [Unskilled]
   riding            [Unskilled]
 Weapon Skills
   dagger            [Unskilled]
   knife             [Unskilled]
   short sword       [Basic]
   broadsword        [Unskilled]
   long sword        [Skilled]
   two-handed sword  [Unskilled]
   saber             [Unskilled]
   flail             [Unskilled]
   quarterstaff      [Unskilled]
   polearms          [Unskilled]
   spear             [Unskilled]
   lance             [Unskilled]
   bow               [Basic]
   shuriken          [Unskilled]
 Spellcasting Skills
   attack spells     [Unskilled]
   divination spells [Unskilled]
   clerical spells   [Unskilled]

Voluntary challenges:
 Character rerolling was not enabled.
 You never genocided any monsters.
 You never polymorphed an object.
 You never changed form.
 You used 1 wish.
 You did not wish for any artifacts.
Achievements:
 You entered a shop.
 You attained the rank of Ronin.
 You entered the Gnomish Mines.
 You entered Minetown.
 You attained the rank of Ninja.

 The Dungeons of Doom: levels 1 to 5
    Level 1: "vault"
       An altar, a grave.
    Level 2:
       An altar.
    Level 3:
       A tool shop.
    Level 4:
       A general store.
       Stairs down to The Gnomish Mines.
    Level 5:
 The Gnomish Mines: levels 5 to 9
    Level 5:
    Level 6:
    Level 7:
    Level 8:
    Level 9: <- You were here.
       Final resting place for
          you, killed by a displacer beast.


Vanquished creatures:
  a small mimic
  a wolf
  a giant spider
  a chickatrice
  a blue jelly
  a black unicorn
  a snake
  a pony
  a violet fungus
  9 gnome leaders
  a kobold mummy
  a little dog
  4 floating eyes
  3 dwarves
  a homunculus
  3 hill orcs
  a werejackal
  2 iguanas
 an acid blob
  7 manes
  2 hobgoblins
  2 giant rats
  4 cave spiders
  2 yellow molds
  a red mold
 33 gnomes
  a gecko
  8 jackals
  a fox
  4 kobolds
  4 goblins
  a sewer rat
  5 grid bugs
  6 lichens
  2 newts
118 creatures vanquished.

No species were genocided or became extinct.

Game over:
                       ----------
                      /          \
                     /    REST    \
                    /      IN      \
                   /     PEACE      \
                  /                  \
                  |      Doran       |
                  |      48 Au       |
                  |   killed by a    |
                  | displacer beast  |
                  |                  |
                  |                  |
                  |       2026       |
                 *|     *  *  *      | *
        _________)/\\_//(\/(/\)/\//\/|_)_______

Sayonara Doran the Samurai...

You died in The Gnomish Mines on dungeon level 9 with 4518 points,
and 48 pieces of gold, after 4189 moves.
You were level 7 with a maximum of 63 hit points when you died.

